 Dungeon Crawl Stone Soup version 0.30-a0-954-gcf5f444c16 (webtiles) character file.

Game seed: 15779867840650385862

200 Jane2 the Ducker (level 5, 0/45 HPs)
             Began as a Ghoul Gladiator on Mar 29, 2023.
             Was a Follower of Makhleb.
             Slain by a gnoll
             ... wielding a +0 whip
             ... led by a gnoll bouda
              (3 damage)
             ... on level 4 of the Dungeon.
             The game lasted 00:16:37 (2889 turns).

Jane2 the Ducker (Ghoul Gladiator)                  Turns: 2889, Time: 00:16:38

Health: 0/45       AC: 11    Str: 22    XL:     5   Next: 79%
Magic:  0/0        EV: 11    Int:  3    God:    Makhleb [*.....]
Gold:   147        SH:  0    Dex: 13    Spells: 4/4 levels left

rFire   . . .      SeeInvis +    o - +7 dagger of the Past {heavy, MP-9 Str+2 Dex+3 SInv}
rCold   + . .      Faith    .    (no shield)
rNeg    + + +      Spirit   .    g - +0 scale mail
rPois   ∞          Reflect  .    c - +0 helmet
rElec   .          Rampage  .    (no cloak)
rCorr   .                        h - +1 Delatra's gloves {ID++}
Will    +....                    r - +1 pair of boots Stlth
                                 (no amulet)
HPRegen 0.00/turn                b - ring of flight
MPRegen 0.07/turn                u - ring of willpower

@: flying, inhibited regen
A: claws 1, cold resistance 1, negative energy resistance 3, inhibited
regeneration, torment resistance 2, devour on kill
a: Renounce Religion


You were on level 4 of the Dungeon.
You worshipped Makhleb.
Makhleb was aware of your devotion.
You visited 1 branch of the dungeon, and saw 4 of its levels.

You collected 147 gold pieces.

Inventory:

Hand Weapons
 a - a +1 flail
 i - a +0 heavy glaive
 o - the +7 dagger of the Past (weapon) {heavy, MP-9 Str+2 Dex+3 SInv}
   (You found it on level 2 of the Dungeon)

   Str:       It affects your strength (+2).
   Dex:       It affects your dexterity (+3).
   MP:        It affects your magic capacity (-9).
   SInv:      It lets you see invisible.
Missiles
 d - 3 throwing nets (quivered)
 e - 4 javelins
 j - 3 silver javelins
Armour
 c - a +0 helmet (worn)
 g - a +0 scale mail (worn)
 h - the +1 Delatra's gloves (worn) {ID++}
   (You found it on level 2 of the Dungeon)

   ID++:      It heals its wearer when they drink unknown potions, and restores
   their MP when they read unknown scrolls.
 r - a +1 pair of boots (worn)
Jewellery
 b - a ring of flight (left hand)
 t - a ring of poison resistance
 u - a ring of willpower (right hand)
Scrolls
 k - 5 scrolls of identify
 l - a scroll of fog
 m - a scroll of immolation
 p - 2 scrolls of blinking {unknown}
 q - a scroll of enchant armour {unknown}
 s - a scroll of torment {unknown}
Potions
 f - a potion of flight {unknown}
 n - a potion of curing


   Skills:
 + Level 3.4 Fighting
 * Level 2.3 Short Blades
 - Level 3.4 Maces & Flails
 - Level 0.2 Polearms
 - Level 1.7 Throwing
 - Level 0.7 Armour
 + Level 3.6 Dodging
 - Level 0.2 Stealth


You had 4 spell levels left.
You didn't know any spells.
Your spell library contained the following spells:

 Spells                   Type           Power      Damage    Failure   Level
 Foxfire                  Conj/Fire      0%         2x1d2     86%         1
 Blink                    Tloc           0%         N/A       94%         2
 Manifold Assault         Tloc           0%         N/A       100%        4
 Fireball                 Conj/Fire      0%         3d3       100%        5
 Starburst                Conj/Fire      0%         6d3       100%        6
 Summon Hydra             Summ           0%         N/A       100%        7
 Sublimation of Blood     Necr           Unusable   N/A       N/A         2
 Wereblood                Tmut           Unusable   N/A       N/A         2
 Storm Form               Tmut/Air       Unusable   N/A       N/A         7

Dungeon Overview and Level Annotations

Branches:
Dungeon (4/15)
 Temple: D:4-7

Altars:
Kikubaaqudgha
Makhleb


Innate Abilities, Weirdness & Mutations

You are immune to poison.
You have sharp fingernails.
Your flesh is cold resistant. (rC+)
You are immune to negative energy. (rN+++)
You do not regenerate when monsters are visible.
You are immune to unholy pain and torment.
You thrive by killing the living.


Message History

The gnoll is no longer moving quickly.
The gnoll barely misses you.
The gnoll bouda barks out a call to the hunt!
The gnoll picks up the pace!
The gnoll hits you but does no damage.
You barely miss the gnoll bouda.
The gnoll bouda is severely wounded.
Your attacks no longer feel as feeble.
The gnoll hits you but does no damage. x2; The gnoll bouda misses you.
The kobold hits you but does no damage. The gnoll barely misses you.
The gnoll closely misses you.
You hit the gnoll bouda.
The gnoll bouda is almost dead.
The gnoll is no longer moving quickly.
The gnoll misses you. The kobold misses you.
The gnoll bouda barks out a call to the hunt!
The gnoll picks up the pace!
The gnoll hits you from afar with a +0 halberd!
The gnoll hits you with a +0 whip. The gnoll hits you with a +0 club.
The kobold barely misses you.
The gnoll bouda hits you with a +0 club!
* * * LOW HITPOINT WARNING * * *
The gnoll closely misses you.
Unknown command.
You feel better. The gnoll misses you. The gnoll hits you with a +0 club.
* * * LOW HITPOINT WARNING * * *
The kobold barely misses you.
The gnoll bouda utters an invocation to its god.
The gnoll bouda is healed somewhat.
The gnoll misses you.
You closely miss the gnoll bouda.
The gnoll bouda is severely wounded.
The gnoll closely misses you. The gnoll hits you but does no damage.
The kobold barely misses you. The gnoll bouda closely misses you.
The gnoll barely misses you.
You hit the gnoll bouda.
The gnoll bouda is almost dead.
The gnoll hits you but does no damage. The gnoll hits you with a +0 club!
* * * LOW HITPOINT WARNING * * *
The gnoll bouda barely misses you. The kobold hits you but does no damage.
The gnoll barely misses you. The gnoll hits you with a +0 whip.
You die...

..........###..##.........# ..
..........##...###......# :..
#.#.......##...##.......###....
##........#..#...)).....#.#§...
#...#.......##.#<))...........
##..##.....#####....##...§K..#
#####.....#........##.....###
#.....#...gg......$.§..#
##........@Kg....#.§.....
##...#...g....###.......
#...####.....# #...... #####
#........# #..... ##......##
....# ##...### #..## ##### ###


You could see a gnoll bouda, 3 gnolls and a kobold.

Vanquished Creatures
  A hound (D:4)
  Crazy Yiuf (D:3)
  Jessica (D:3)
  An orc wizard (D:4)
  2 adders
  4 orcs (D:4)
  4 endoplasms
  6 giant cockroaches
  5 goblins
  6 hobgoblins
  4 jackals (D:1)
  4 quokkas
  4 ball pythons
  12 bats
  A frilled lizard (D:1)
  6 kobolds
  4 rats
66 creatures vanquished.

Notes
Turn   | Place    | Note
-------+----------+-------------------------------------------
     0 | D:1      | Jane2 the Ghoul Gladiator began the quest for the Orb.
     0 | D:1      | Reached XP level 1. HP: 17/17 MP: 0/0
   185 | D:1      | Reached XP level 2. HP: 9/24 MP: 1/1
   484 | D:1      | Reached XP level 3. HP: 28/30 MP: 2/2
  1172 | D:2      | Found the +1 Delatra's gloves {ID++}
  1473 | D:2      | Identified the +7 dagger of the Past {heavy, MP-9 Str+2
                  | Dex+3 SInv}
  1678 | D:2      | Reached XP level 4. HP: 37/37 MP: 0/3
  1995 | D:3      | Found a faded altar of an unknown god.
  2001 | D:3      | Prayed at the altar of an unknown god.
  2001 | D:3      | Became a worshipper of Makhleb the Destroyer
  2001 | D:3      | Reached * piety under Makhleb
  2106 | D:3      | Found a runed translucent door.
  2107 | D:3      | Noticed Crazy Yiuf
  2120 | D:3      | Killed Crazy Yiuf
  2121 | D:3      | Reached skill level 1 in Short Blades
  2207 | D:3      | Found an ancient bone altar of Kikubaaqudgha.
  2231 | D:3      | Noticed Jessica
  2236 | D:3      | Killed Jessica
  2237 | D:3      | Reached XP level 5. HP: 44/45 MP: 0/4
  2889 | D:4      | Slain by a gnoll

Illustrated notes

Levels and vault maps discovered:
D:1:      dpeg_arrival_tiny_a, layout_basic
D:2:      layout_basic, minmay_tripent
D:3:      layout_basic, general_overflow_altar,
          hellmonk_ecumenical_altar_leap_of_faith, uniq_jessica,
          uniq_crazy_yiuf_cottage
D:4:      layout_cave_pools, elyvilon_altar_4, zin_treasury

Skill      XL: |  1  2  3  4  5 |
---------------+----------------+-----
Maces & Flails | 3 |  3.4
Dodging        | 3 |  3.6
Short Blades   | 1 2 |  2.3
Fighting       | 3 |  3.4
Polearms       | |  0.2
Throwing       | |  1.7
Armour         | |  0.7
Stealth        | |  0.2

Action                     |  1- 3 |  4- 6 || total
---------------------------+-------+-------++-------
  Melee: Flail             |   133 |       ||   133
         Punch             |     2 |       ||     2
         Dagger            |    11 |    63 ||    74
    Use: Scroll            |     6 |       ||     6
         Potion            |     2 |     3 ||     5
 Armour: Scale mail        |   107 |    50 ||   157
         Leather armour    |     5 |       ||     5
         Skin              |     1 |       ||     1
  Dodge: Dodged            |   103 |    65 ||   168

Table legend: (Time is in decaauts)
 A = Elapsed time spent in this place.
 B = Non-inter-level travel time spent in this place.
 C = Inter-level travel time spent in this place.
 D = Time resting spent in this place.
 E = Time spent auto-exploring this place.
 F = Levels seen in this place.
 G = Mean time per level.
                   A        B        C        D        E       F      G
               +--------+--------+--------+--------+--------+-----+--------+
         Total |   2944 |   2724 |    220 |     62 |   1617 |   4 |  736.0 |
       Dungeon |   2944 |   2724 |    220 |     62 |   1617 |   4 |  736.0 |
               +--------+--------+--------+--------+--------+-----+--------+

Top non-repeatable levels by time:
     D:1: 1060 daAuts
     D:2: 780 daAuts
     D:3: 699 daAuts
     D:4: 404 daAuts
